 Dungeon Crawl Stone Soup version 0.17.1-3-g152610e (webtiles) character file.

836 kaze the Ducker (level 7, -1/70 HPs)
             Began as a Troll Berserker on Feb 22, 2016.
             Was a Priest of Trog.
             Slain by Edmund
             ... wielding a +1 flail of protection
              (7 damage)
             ... on level 6 of the Dungeon.
             The game lasted 00:13:33 (4454 turns).

kaze the Ducker (Troll Berserker)                   Turns: 4454, Time: 00:13:34

Health: -1/70      AC:  5    Str: 28    XL:     7   Next: 66%
Magic:  6/6        EV: 11    Int:  6    God:    Trog [***...]
Gold:   309        SH:  0    Dex:  9    Spells: 0 memorised, 6 levels left

rFire  . . .     SeeInvis +     l - +0 hand axe (elec)
rCold  . . .     Clarity  .     a - +0 animal skin
rNeg   . . .     SustAt   .     (no shield)
rPois  .         Gourm    +     (helmet restricted)
rElec  .         Spirit   .     (no cloak)
rCorr  .         Warding  .     (gloves unavailable)
rMut   .         Stasis   .     (boots unavailable)
MR     .....                    (no amulet)
Stlth  +.........               o - +3 ring of intelligence
                                r - ring of see invisible

@: lethally poisoned (-1 -> -6), exhausted, slowed, very slow, not resistant to
hostile enchantments, very unstealthy
A: unfitting armour, claws 3, fast metabolism 3, gourmand, regeneration 2,
shaggy fur 1, tough skin 2
a: Berserk, Trog's Hand, Burn Spellbooks, Renounce Religion


You were on level 6 of the Dungeon.
You worshipped Trog.
Trog was most pleased with you.
You were very full.

You visited 2 branches of the dungeon, and saw 7 of its levels.

You collected 309 gold pieces.

Inventory:

Hand Weapons
 l - a +0 hand axe of electrocution (weapon)
Armour
 a - a +0 animal skin (worn)
Jewellery
 e - an uncursed ring of teleportation
 o - a +3 ring of intelligence (right claw)
 p - an uncursed amulet of resist corrosion {unknown}
 r - a ring of see invisible (left claw)
Wands
 h - a wand of slowing (10)
 i - a wand of paralysis (10)
 x - a wand of polymorph (14)
Scrolls
 c - 7 scrolls of identify
 d - 2 scrolls of noise
 f - a scroll of enchant weapon
 g - a scroll of teleportation {unknown}
 u - a scroll of random uselessness {unknown}
 v - 3 scrolls of magic mapping
 y - a scroll of enchant armour {unknown}
Potions
 n - 2 potions of heal wounds
 t - a potion of curing
Comestibles
 b - 6 bread rations
 j - 2 slices of pizza
 k - a royal jelly
 m - a meat ration


   Skills:
 + Level 4.1 Fighting
 + Level 1.6 Axes
 + Level 5.6 Dodging
 - Level 0.4 Stealth
 + Level 4.7 Unarmed Combat


You had 6 spell levels left.
You didn't know any spells.

Dungeon Overview and Level Annotations

Branches:
Dungeon (6/15)             Temple (1/1) D:4

Altars:
Ashenzari
Cheibriados
Dithmenos
Elyvilon
Fedhas
Gozag
Kikubaaqudgha
Nemelex Xobeh
Qazlal
Ru
Sif Muna
Vehumet
Yredelemnul
Zin
The Shining One

Shops:
D:5 :

Annotations:
D:6 Edmund


Innate Abilities, Weirdness & Mutations

You are too large for most types of armour.
You have claws for hands.
Your metabolism is lightning-fast.
You like to eat raw meat.
You heal very quickly.
You are covered in fur (AC +1).
You have very tough skin (AC +2).


Message History

The worker ant closely misses you.
The worker ant bites you but does no damage.
Edmund hits you with a flail of protection.
* * * LOW HITPOINT WARNING * * *
You see here a dented sapphire amulet.
You're too confused!
Unknown command.
You're too confused!
You hit Edmund but do no damage.
Edmund is moderately wounded.
You closely miss the worker ant.
* * * LOW HITPOINT WARNING * * *
You feel sick. The worker ant barely misses you.
Edmund zaps a wand.
Nothing appears to happen.
The worker ant completely misses you.
You're too confused!
You feel less confused.
* * * LOW HITPOINT WARNING * * *
You feel sick.
Edmund hits you with a flail of protection!
You die...

####### # ##.....##..
##..........
##########...........
#........#...........
#####.####..##.^@........
......###..###.>@".......
.....#....####..a........
.....#.#.................
...........###.†>........
.....#<######..#......#..
#####..# #..######..# #
#.## #.# .## #..# #. .#


You could see Edmund and a worker ant.

Vanquished Creatures
  A centaur (D:5)
  A scorpion (D:4)
  A centaur zombie (D:5)
  An orc priest (D:4)
  A crimson imp (D:5)
  4 hounds
  4 orc wizards
  A giant frog skeleton (D:5)
  Terence (D:3)
  2 worker ants (D:4)
  6 gnolls
  7 adders
  4 oozes
  2 worms (D:2)
  An adder skeleton (D:4)
  22 orcs
  A ball python (D:1)
  7 bats
  8 giant cockroaches
  6 goblins
  9 hobgoblins
  5 jackals
  5 quokkas
  3 giant geckos
  A giant gecko skeleton (D:4)
  A giant newt (D:1)
  11 kobolds
  A quokka skeleton (D:5)
  7 rats
124 creatures vanquished.

Notes
Turn   | Place    | Note
--------------------------------------------------------------
     0 | D:1      | kaze the Troll Berserker began the quest for the Orb.
     0 | D:1      | Reached XP level 1. HP: 22/22 MP: 0/0
   338 | D:1      | Reached XP level 2. HP: 27/29 MP: 1/1
   880 | D:2      | Reached XP level 3. HP: 36/36 MP: 2/2
  1032 | D:2      | Reached ** piety under Trog
  1059 | D:2      | Reached XP level 4. HP: 38/45 MP: 3/3
  1118 | D:2      | Found a shadowy altar of Dithmenos.
  1178 | D:2      | Found a stormy altar of Qazlal.
  1608 | D:3      | Noticed Terence
  1620 | D:3      | Killed Terence
  1778 | D:3      | Reached XP level 5. HP: 53/53 MP: 4/4
  1842 | D:3      | Found a deep blue altar of Sif Muna.
  1917 | D:3      | Found a snail-covered altar of Cheibriados.
  2053 | D:3      | Reached skill level 4 in Dodging
  2131 | D:3      | Reached *** piety under Trog
  2581 | D:4      | Reached XP level 6. HP: 48/61 MP: 5/5
  2769 | D:4      | Found a radiant altar of Vehumet.
  2770 | D:4      | Found an ancient bone altar of Kikubaaqudgha.
  2843 | D:4      | Found a sacrificial altar of Ru.
  2940 | D:4      | Found a glowing golden altar of the Shining One.
  3057 | D:4      | Found a staircase to the Ecumenical Temple.
  3066 | Temple   | Entered the Ecumenical Temple
  3366 | D:5      | Entered Level 5 of the Dungeon
  3371 | D:5      | Reached skill level 5 in Dodging
  3378 | D:5      | Reached XP level 7. HP: 68/68 MP: 6/6
  3675 | D:5      | Found Ethe's Book Emporium.
  3782 | D:5      | Reached skill level 1 in Axes
  4435 | D:6      | Noticed Edmund
  4454 | D:6      | Slain by Edmund

Action                   |  1- 3 |  4- 6 |  7- 9 || total
-------------------------+-------+-------+-------++-------
Melee: Unarmed           |    86 |   161 |       ||   247
       Hand axe          |       |    58 |    53 ||   111
Invok: Berserk           |     1 |     3 |     1 ||     5
  Use: Potion            |       |     5 |     3 ||     8
       Scroll            |       |     5 |       ||     5
 Stab: Sleeping          |       |       |     1 ||     1
  Eat: Chunk             |    16 |    23 |    12 ||    51
